Map: Symulakrum ER

Players

kers - Winner!

  • Race: Protoss Protoss
  • League: Platinum
  • Spawn Location: 11:00

VOD

Have the link to the VOD?

Description

Time

  • Played on: March 5, 2020, 12:02 p.m.
  • Length: 10:45
Show
View Real Time Build Order
Export as new Build Order

kers Protoss - Winner!

Build Orders: 1 Gate Expand, Archon Immortal 

Get SALT Encoding   

  12  0:02  Probe  
  12  0:14  Probe  
  12  0:22  Pylon  
  12  0:26  Probe  
  12  0:40  Probe (Chrono Boost)  
  12  0:41  Gateway  
  12  0:51  Probe (Chrono Boost), Assimilator  
  12  0:56  Probe (Chrono Boost)  
  12  1:06  Probe  
  12  1:18  Probe  
  12  1:28  Nexus  
  12  1:43  Cybernetics Core  
  12  1:44  Probe  
  12  1:53  Pylon  
  12  1:56  Probe  
  12  1:59  Assimilator  
  12  2:08  Probe  
  12  2:20  Probe  
  12  2:21  Warp Gate (Chrono Boost), Robotics Facility  
  12  2:24  Adept  
  12  2:34  Probe (Chrono Boost)  
  12  2:41  Probe (Chrono Boost)  
  12  2:50  Probe x2 (Chrono Boost)  
  12  2:54  Sentry  
  12  2:56  Probe  
  12  2:57  Probe  
  12  3:05  Gateway  
  12  3:08  Probe  
  12  3:09  Probe  
  12  3:16  Gateway  
  12  3:20  Probe  
  12  3:21  Probe  
  12  3:22  Stalker  
  12  3:33  Probe x2, Pylon  
  12  3:37  Assimilator  
  12  3:45  Probe x2  
  12  3:54  Pylon  
  12  3:55  Observer (Chrono Boost)  
  12  3:57  Probe x2  
  12  4:03  Assimilator  
  12  4:09  Probe x2  
  12  4:14  Forge  
  12  4:17  Stalker x2  
  12  4:21  Probe x2, Immortal (Chrono Boost)  
  12  4:33  Probe  
  12  4:34  Probe  
  12  4:37  Protoss Ground Weapons Level 1 (Chrono Boost)  
  12  4:38  Pylon  
  12  4:39  Pylon  
  12  4:45  Probe  
  12  4:47  Twilight Council  
  12  4:55  Pylon  
  12  4:56  Probe  
  12  4:57  Probe  
  12  4:58  Pylon  
  12  5:06  Immortal  
  12  5:09  Probe x2  
  12  5:21  Probe x2, Charge (Chrono Boost)  
  12  5:29  Templar Archives  
  12  5:33  Probe  
  12  5:34  Probe, Stalker  
  12  5:45  Probe, Immortal  
  12  5:46  Probe  
  12  5:55  Pylon  
  12  5:57  Probe  
  12  5:58  Probe  
  12  5:59  Pylon  
  12  6:02  Pylon  
  12  6:09  Probe  
  12  6:10  Probe  
  12  6:16  Nexus  
  12  6:17  Pylon  
  12  6:19  Pylon  
  12  6:21  Probe  
  12  6:22  Probe  
  12  6:24  Immortal  
  12  6:32  Assimilator  
  12  6:33  Probe  
  12  6:34  Probe, Assimilator  
  12  6:36  High Templar x2  
  12  6:43  Protoss Ground Armor Level 1 (Chrono Boost)  
  12  6:45  Probe  
  12  6:46  Probe  
  12  6:47  High Templar  
  12  6:57  Probe  
  12  6:58  Probe  
  12  7:10  Probe x2  
  12  7:16  Gateway  
  12  7:17  Gateway  
  12  7:22  Probe x2, Gateway  
  12  7:24  Gateway  
  12  7:27  Gateway, Pylon  
  12  7:32  Gateway, Pylon  
  12  7:34  Photon Cannon  
  12  7:35  Photon Cannon  
  12  7:37  Shield Battery  
  12  7:38  Shield Battery  
  12  7:41  Shield Battery  
  12  7:43  Photon Cannon  
  12  7:45  High Templar x2  
  12  7:48  Immortal  
  12  7:51  Archon  
  12  7:52  Archon  
  12  8:06  High Templar  
  12  8:14  High Templar  
  12  8:15  High Templar  
  12  8:24  Pylon  
  12  8:25  Pylon  
  12  8:27  Pylon  
  12  8:28  Pylon  
  12  8:30  Immortal  
  12  8:33  High Templar x2  
  12  8:34  High Templar x2  
  12  8:46  Zealot x4  
  12  8:49  Archon x3  
  12  8:51  Archon  
  12  9:00  Photon Cannon  
  12  9:02  Shield Battery  
  12  9:21  Nexus  
  12  9:22  Pylon  
  12  9:23  High Templar x4  
  12  9:25  Pylon, Zealot x2  
  12  9:26  Zealot x2  
  12  9:27  Pylon, Zealot  
  12  9:30  Assimilator  
  12  9:35  Assimilator  
  12  9:37  Gateway  
  12  9:38  Gateway  
  12  9:41  Gateway  
  12  9:46  Photon Cannon  
  12  9:48  Photon Cannon  
  12  9:49  High Templar x2  
  12  9:50  Shield Battery  
  12  9:54  Immortal, Shield Battery  
  12  9:55  Zealot  
  12  9:56  Zealot x3  
  12  9:57  Zealot x3  
  12  10:03  Archon x3  
  12  10:34  High Templar x2  
  12  10:41  Zealot x5  
Tags
 
Add a new tag
Caveats
  • Supply blocks, unpowered buildings, or Contaminate may cause inaccurate times.
  • Supply counts are checked every 10 seconds.